 Dungeon Crawl Stone Soup version 0.31-a0-187-gba352fbbf7 (webtiles) character file.

Game seed: 16087984180620897977

130 qw the Skirmisher (level 4, -1/25 HPs)
             Began as a Deep Elf Hunter on June 22, 2023.
             Slain by a gnoll
             ... wielding a +0 halberd
              (8 damage)
             ... on level 3 of the Dungeon.
             The game lasted 00:00:35 (1860 turns).

qw the Skirmisher (Deep Elf Hunter)                 Turns: 1860, Time: 00:00:35

Health: -1/25      AC:  5    Str: 10    XL:     4   Next: 89%
Magic:  6/6        EV: 11    Int: 14    God:
Gold:   50         SH:  0    Dex: 24    Spells: 3/3 levels left

rFire   . . .        Y - +0 shortbow
rCold   . . .        (shield currently unavailable)
rNeg    . . .        h - +0 ring mail
rPois   .            (no helmet)
rElec   .            (no cloak)
rCorr   .            (no gloves)
SInv    .            (no boots)
Will    .....        (no amulet)
Stlth   ++           e - +6 ring of dexterity
HPRegen 0.24/turn    (no ring)
MPRegen 0.10/turn

%: no passive effects
@: no status effects
A: no striking features
a: no special abilities


You were on level 3 of the Dungeon.
You visited 1 branch of the dungeon, and saw 3 of its levels.

You collected 138 gold pieces.
You spent 88 gold pieces at shops.


   Skills:
 - Level 1.5 Fighting
 - Level 8.1 Ranged Weapons
 + Level 2.7 Dodging
 - Level 1.2 Stealth


You had 3 spell levels left.
You didn't know any spells.
Your spell library was empty.

Inventory:

Hand Weapons
 Y - a +0 shortbow (weapon)
Armour
 h - a +0 ring mail (worn)
Jewellery
 e - a +6 ring of dexterity (left hand)
Scrolls
 a - a scroll of blinking {unknown}
 b - 4 scrolls of identify
 d - a scroll of revelation {unknown}
 g - a scroll of silence {unknown}
Potions
 c - a potion of ambrosia {unknown}
 f - a potion of curing {unknown}

Dungeon Overview and Level Annotations

Branches:
Dungeon (3/15)

Altars:

Shops:
D:3 ?


Message History

Enter note:
Enter note:
Enter note:
Enter note:
Enter note:
Enter note: You shoot an arrow.
The arrow hits the gnoll.
The gnoll is moderately wounded.
A gnoll comes into view.
It is wielding a +1 flail of protection.
You shoot an arrow.
The arrow hits the gnoll but does no damage.
You shoot an arrow. The gnoll shouts!
The arrow hits the gnoll.
The gnoll is heavily wounded.
You shoot an arrow. The arrow hits the gnoll.
The gnoll is almost dead.
A gnoll comes into view. It is wielding a +0 whip.
You shoot an arrow. The gnoll shouts!
The arrow hits the gnoll.
You kill the gnoll!
You shoot an arrow. The arrow hits the gnoll!
The gnoll is severely wounded.
You shoot an arrow. The arrow closely misses the gnoll.
You shoot an arrow. The arrow hits the gnoll!
The gnoll is severely wounded.
The gnoll barely misses you.
The gnoll hits you from afar with a +0 halberd.
You shoot an arrow. The arrow hits the gnoll.
The gnoll is severely wounded.
An orc comes into view. It is wielding a +0 short sword.
The gnoll hits you from afar with a +0 halberd!
The gnoll hits you with a +1 flail of protection.
You shoot an arrow.
The arrow hits the gnoll but does no damage.
The gnoll is heavily wounded.
The gnoll hits you with a +1 flail of protection.
The gnoll hits you from afar with a +0 halberd!
You die...

.....# .....# .....#
#......# .....#
......#.# # #......#
.....#.#.####.#.
g....#
.....##.#....#.##g...#
....#.##......##@#..
...#.#..........#.#
#..##............##..
#.#................#
(....................#
######.#..#.##########
#.%.........#
#.########..# #.#
#.....###


You could see 2 gnolls.

Vanquished Creatures
  An orc wizard (D:3)
  4 adders
  2 gnolls
  2 dart slugs (D:1)
  4 orcs (D:3)
  4 endoplasms
  2 giant cockroaches (D:3)
  2 goblins (D:1)
  2 hobgoblins
  7 jackals (D:1)
  4 kobolds (D:1)
  2 quokkas
  3 ball pythons (D:1)
  2 bats
  A frilled lizard (D:1)
  A rat (D:1)
43 creatures vanquished.

Notes
Turn   | Place    | Note
-------+----------+-------------------------------------------
     0 | D:1      | qw the Deep Elf Hunter began the quest for the Orb.
     0 | D:1      | Reached XP level 1. HP: 12/12 MP: 3/3
     0 | D:1      | 0 ||| qw: Version: 0.3-a-9-g12657ce
     0 | D:1      | 0 ||| qw: Game counter: 2293
     0 | D:1      | 0 ||| qw: Always use a shield: true
     0 | D:1      | 0 ||| qw: God list: Okawaru
     0 | D:1      | 0 ||| qw: Allow faded altars: false
     0 | D:1      | 0 ||| qw: Do Orc after D:15 true
     0 | D:1      | 0 ||| qw: Do second Lair branch before Depths: true
     0 | D:1      | 0 ||| qw: Lair rune preference: random
     0 | D:1      | 0 ||| qw: Plans: Normal
     0 | D:1      | 0 ||| PLANNING D:1-11
   118 | D:1      | Reached skill level 6 in Ranged Weapons
   118 | D:1      | Reached XP level 2. HP: 11/16 MP: 4/4
   124 | D:1      | HP: 4/16 [constriction (1)]
   317 | D:1      | Reached XP level 3. HP: 19/20 MP: 5/5
   770 | D:1      | 770 ||| UPGRADING to +0 scale mail.
   780 | D:1      | 780 ||| DROPPING +0 leather armour.
   781 | D:1      | 781 ||| UPGRADING to +0 ring mail.
   791 | D:1      | 791 ||| DROPPING +0 scale mail.
   792 | D:1      | 792 ||| DROPPING amulet of magic regeneration.
   793 | D:1      | 793 ||| UPGRADING to +6 ring of dexterity.
   794 | D:1      | 794 ||| DROPPING scroll of butterflies.
   892 | D:2      | Reached skill level 7 in Ranged Weapons
  1052 | D:2      | HP: 5/20 [poisoned by an adder]
  1438 | D:2      | 1438 ||| READING scroll labelled AKHUUM LEWEQO.
  1516 | D:3      | Reached XP level 4. HP: 25/25 MP: 6/6
  1588 | D:3      | Found Yghasiydd's Magic Scroll Emporium.
  1595 | D:3      | 1595 ||| BUYING scroll of identify (22 gold).
  1595 | D:3      | Bought a scroll of identify for 22 gold pieces
  1595 | D:3      | 1595 ||| BUYING scroll of identify (22 gold).
  1595 | D:3      | Bought a scroll of identify for 22 gold pieces
  1595 | D:3      | 1595 ||| BUYING scroll of identify (22 gold).
  1595 | D:3      | Bought a scroll of identify for 22 gold pieces
  1595 | D:3      | 1595 ||| BUYING scroll of identify (22 gold).
  1595 | D:3      | Bought a scroll of identify for 22 gold pieces
  1595 | D:3      | 1595 ||| SHOPLISTING scroll of teleportation (33 gold, have
                  | 32).
  1678 | D:3      | HP: 2/25 [something/magic dart (5)]
  1681 | D:3      | Reached skill level 8 in Ranged Weapons
  1860 | D:3      | Slain by a gnoll

Levels and vault maps discovered:
D:1:      mrwooster_arrival_statue_3, layout_loops_ring
D:2:      layout_basic
D:3:      layout_basic, serial_shops, shop, minmay_misc_feat_secret_circle

Skill      XL: |  1  2  3  4 |
---------------+-------------+-----
Ranged Weapons | 6 7 8 |  8.1
Fighting       | |  1.5
Dodging        | |  2.7
Stealth        | |  1.2

Action                     |  1- 3 |  4- 6 || total
---------------------------+-------+-------++-------
   Fire: Shortbow          |   101 |    46 ||   147
    Use: Scroll            |     1 |       ||     1
 Armour: Leather armour    |     6 |       ||     6
         Ring mail         |     1 |    16 ||    17
  Dodge: Dodged            |    33 |    12 ||    45

Table legend:
 A = Non-vault XP
 B = Vault XP
 C = Vault XP percentage of total XP
 D = Non-vault monster count
 E = Vault monster count
 F = Vault count percentage of total count
                 A         B        C        D         E       F
            +---------+---------+-------+---------+---------+-------
      Total |     186 |       0 |   0.0 |      43 |       0 |   0.0
            +---------+---------+-------+---------+---------+-------
        D:1 |      59 |       0 |   0.0 |      26 |       0 |   0.0
        D:2 |      34 |       0 |   0.0 |       6 |       0 |   0.0
        D:3 |      93 |       0 |   0.0 |      11 |       0 |   0.0
            +---------+---------+-------+---------+---------+-------
